 Dungeon Crawl Stone Soup version 0.18-a0-1088-g34ef3a2 (webtiles) character file.

190 tof the Shield-Bearer (level 6, -3/48 HPs)
             Began as a Formicid Fighter on Jan 15, 2016.
             Was an Initiate of Ru.
             Killed by nerve-wracking pain
             ... invoked by a shadow imp
              (4 damage)
             ... on level 3 of the Dungeon.
             The game lasted 00:03:58 (1977 turns).

tof the Shield-Bearer (Formicid Fighter)            Turns: 1977, Time: 00:03:58

Health: -3/48      AC:  7    Str: 20    XL:     6   Next: 1%
Magic:  6/6        EV:  8    Int:  8    God:    Ru [......]
Gold:   90         SH: 10    Dex: 12    Spells: 0 memorised, 5 levels left

rFire  + . .     SeeInvis +     a - +0 long sword
rCold  . . .     Gourm    .     b - +0 scale mail
rNeg   . . .     Faith    .     c - +0 shield
rPois  .         Spirit   .     (helmet unavailable)
rElec  .         Dismiss  .     (no cloak)
rCorr  .         Reflect  .     (no gloves)
SustAt .         Harm     .     (no boots)
MR     .....                    (no amulet)
Stlth  ..........               (no ring)
                                k - ring of protection from fire

@: not resistant to hostile enchantments, extremely unstealthy
A: permanent stasis, dig shafts and tunnels, four strong arms, antennae 3
a: Dig, Shaft Self, Renounce Religion


You were on level 3 of the Dungeon.
You worshipped Ru.
Ru was noncommittal.
You were hungry.

You visited 1 branch of the dungeon, and saw 3 of its levels.

You collected 90 gold pieces.

Inventory:

Hand Weapons
 a - a +0 long sword (weapon)
Armour
 b - a +0 scale mail (worn)
 c - a +0 shield (worn)
Jewellery
 k - a ring of protection from fire (left hand)
Scrolls
 e - a scroll of teleportation {unknown}
 h - 2 scrolls of fear {unknown}
 i - 2 scrolls of magic mapping {unknown}
 j - 8 scrolls of identify {unknown}
Potions
 d - a potion of might
Comestibles
 f - 2 bread rations


   Skills:
 + Level 4.1 Fighting
 * Level 3.9 Long Blades
 + Level 4.0 Armour
 + Level 4.8 Shields


You had 5 spell levels left.
You didn't know any spells.

Dungeon Overview and Level Annotations

Branches:
Dungeon (3/15)

Altars:
Dithmenos
Ru
Sif Muna
Xom


Innate Abilities, Weirdness & Mutations

You are under a permanent stasis effect.
You can dig through walls and to a lower floor.
Your four strong arms can wield two-handed weapons with a shield.
You have a pair of large antennae on your head (SInv).


Message History

Your experience leads to an increase in your attributes!
Increase (S)trength, (I)ntelligence, or (D)exterity?
You feel agile. The shadow imp gestures at you. Pain shoots through your body!
The shadow imp hits you.
* * * LOW HITPOINT WARNING * * *
Your scale mail prevents you from hitting the shadow imp.
The shadow imp closely misses you.
Your shield and scale mail prevent you from hitting the shadow imp.
The shadow imp hits you but does no damage.
You hit the shadow imp but do no damage.
The shadow imp hits you but does no damage.
You closely miss the shadow imp. The shadow imp barely misses you.
The shadow imp gestures at you. Pain shoots through your body!
* * * LOW HITPOINT WARNING * * *
You hit the shadow imp but do no damage.
The shadow imp gestures at you. Pain shoots through your body!
You die...

#### #... # #...## ?#
#....######..
#..).#......#
#........##
####.(....#### #
#....@5.....##....
#....#...............
#....#.............##
#### #...............
#...###..#........
###.........#.....
..........##....
#........... ....
W........## ...


You could see a shadow imp.

Vanquished Creatures
  The ghost of lysy the Chucker, an amateur OgHu (D:3)
  Ijyb (D:2)
  2 adders
  A worm (D:2)
  7 bats
  5 giant cockroaches
  4 goblins (D:1)
  9 hobgoblins
  3 jackals (D:1)
  4 kobolds
  A giant newt (D:1)
  10 rats
48 creatures vanquished.

Notes
Turn   | Place    | Note
--------------------------------------------------------------
     0 | D:1      | tof the Formicid Fighter began the quest for the Orb.
     0 | D:1      | Reached XP level 1. HP: 18/18 MP: 1/1
    56 | D:1      | Reached XP level 2. HP: 22/24 MP: 2/2
   139 | D:1      | Reached skill level 4 in Shields
   217 | D:1      | Reached XP level 3. HP: 27/29 MP: 3/3
   948 | D:2      | Reached XP level 4. HP: 28/37 MP: 4/4
  1109 | D:2      | Found a shimmering altar of Xom.
  1191 | D:2      | Found a shimmering altar of Xom.
  1192 | D:2      | Found a shimmering altar of Xom.
  1287 | D:2      | Noticed Ijyb
  1295 | D:2      | Killed Ijyb
  1318 | D:2      | Found a sacrificial altar of Ru.
  1327 | D:2      | Became a worshipper of Ru the Awakened
  1355 | D:2      | Found a deep blue altar of Sif Muna.
  1360 | D:2      | Found a shadowy altar of Dithmenos.
  1634 | D:3      | Reached XP level 5. HP: 38/42 MP: 5/5
  1643 | D:3      | Noticed lysy's ghost (amateur OgHu)
  1972 | D:3      | Killed lysy's ghost
  1972 | D:3      | Reached XP level 6. HP: 19/48 MP: 6/6
  1976 | D:3      | HP: 1/48 [shadow imp/nerve-wracking pain (14)]
  1977 | D:3      | Killed from afar by a shadow imp

Vault maps used:
D:1:      lightli_arrival_statue_moat, minivault_4
D:2:      xom_redecorated, led_sif_pool, lemuel_doored_altar,
          overflow_temple_1_default, first_bread, uniq_iyjb
D:3:      grunt_decor_resistance

Action                   |  1- 3 |  4- 6 || total
-------------------------+-------+-------++-------
Melee: Long sword        |    97 |   106 ||   203
  Use: Potion            |     1 |       ||     1
  Eat: Chunk             |       |     3 ||     3
